 Dungeon Crawl Stone Soup version 0.32-a0-20-ge526923d97 (webtiles) character file.

Game seed: 3154022111577810458

21 PriceMaster the Conjurer (level 2, 0/1 HPs)
             Began as an Octopode Conjurer on Jan 17, 2024.
             Slain by a kobold
             ... wielding a +3 dagger
              (1 damage)
             ... on level 1 of the Dungeon.
             The game lasted 00:01:34 (772 turns).

PriceMaster the Conjurer (Octopode Conjurer)         Turns: 772, Time: 00:01:34

Health: 0/1        AC:  1    Str:  6    XL:     2   Next: 87%
Magic:  5/5        EV: 13    Int: 20    God:
Gold:   58         SH:  0    Dex: 10    Spells: 4/5 levels left

rFire   . . .        h - staff of earth
rCold   . . .        (no shield)
rNeg    . . .        (helmet restricted)
rPois   .            b - amulet of the acrobat
rElec   .            (no ring)
rCorr   .            (no ring)
SInv    .            (no ring)
Will    .....        (no ring)
Stlth   +++          (no ring)
HPRegen 0.20/turn    (no ring)
MPRegen 0.09/turn    (no ring)
                     (no ring)

%: acrobat
@: maw-form
A: devouring maw, reduced hp, almost no armour, amphibious, 8 rings, camouflage
1, gelatinous body 1, (nimble swimmer 1), tentacles
a: Begin Untransformation


You were on level 1 of the Dungeon.
You were a creature with a mouth for a stomach.
You visited 1 branch of the dungeon, and saw 1 of its levels.

You collected 58 gold pieces.

Inventory:

Hand Weapons
 e - a +0 dagger
Magical Staves
 h - a staff of earth (weapon)
Jewellery
 b - an amulet of the acrobat (around mantle)
Talismans
 i - a maw talisman (active)
Scrolls
 g - a scroll of fear {unknown}
Potions
 a - a potion of attraction {unknown}
 c - a potion of curing {unknown}
 d - a potion of mutation {unknown}
 f - a potion of brilliance {unknown}
 j - a potion of ambrosia {unknown}


   Skills:
 + Level 2.0 Dodging
 + Level 2.8 Stealth
 + Level 0.2 Unarmed Combat
 + Level 2.2 Spellcasting
 + Level 4.5 Conjurations


You had 4 spell levels left.
You knew the following spells:

 Your Spells              Type           Power      Damage    Failure   Level
a - Magic Dart            Conj           80%        1d7       2%          1

Your spell library contained the following spells:

 Spells                   Type           Power      Damage    Failure   Level
 Searing Ray              Conj           40%        2d5       3%          2
 Fulminant Prism          Conj/Alch      5%         3d6       52%         4
 Iskenderun's Mystic Bla  Conj/Tloc      11%        2d4       52%         4


Dungeon Overview and Level Annotations

Branches:
Dungeon (1/15)

Altars:


Innate Abilities, Weirdness & Mutations

You are a creature with a mouth for a stomach.
Your midsection houses a second, enormous mouth.
Your maximum health is decreased, since you lack skill for your form.
You cannot wear most types of armour.
You are amphibious.
You can wear up to eight rings at the same time.
Your skin changes colour to match your surroundings (Stealth+).
Your rubbery body absorbs attacks. (AC +1, EV +1)
((You are camouflaged when in or above water. (Stealth+)))
You have tentacles for arms and can constrict up to eight enemies at once.


Message History

No target in view!
No target in view!
No target in view!
Found a stone staircase leading down.
You now have 49 gold pieces (gained 7).
You now have 58 gold pieces (gained 9).
A ball python comes into view.
The helpless ball python fails to defend itself.
You hit the ball python. Your grab misses the ball python.
You bite the ball python.
You devour the ball python!
You feel better.
You kill the ball python!
j - a bubbling red potion No target in view!
No target in view!
No target in view!
No target in view!
No target in view!
No target in view!
No target in view!
No target in view!
No target in view!
No target in view!
No target in view!
You see here a +0 club.
A kobold comes into view. It is wielding a +1 dagger of draining.
The kobold shouts!
A kobold comes into view. It is wielding a +3 dagger.
The kobold completely misses you.
You closely miss the kobold.
The kobold shouts!
You grab the kobold. You squeeze the kobold.
You devour the kobold!
You feel better.
You kill the kobold!
Things that are here:
a +1 dagger of draining; 4 stones You hit the kobold.
Your grab misses the kobold.
The kobold is moderately wounded.
The kobold hits you with a +3 dagger.
Ouch! That really hurt!
You die...

############...##.#
###### ######.#
#.#.# #.# #.#.# #.#
##.#.# ###.# #.....
##.).# #.....
##..†.## #...##
#######.#....#######
#..KW.........#
#.#####.#....##
##....## ##.### #.#
### .#######.#
####.. .........#
#....# #######..#
#.#### #..######.#


You could see a kobold.

Vanquished Creatures
  A dart slug (D:1)
  A bat (D:1)
  A giant cockroach (D:1)
  2 goblins (D:1)
  3 hobgoblins (D:1)
  3 jackals (D:1)
  A kobold (D:1)
  2 ball pythons (D:1)
  2 rats (D:1)
16 creatures vanquished.

Notes
Turn   | Place    | Note
-------+----------+-------------------------------------------
     0 | D:1      | PriceMaster the Octopode Conjurer began the quest for the
                  | Orb.
     0 | D:1      | Reached XP level 1. HP: 11/11 MP: 3/3
   103 | D:1      | Reached XP level 2. HP: 4/17 MP: 0/5
   772 | D:1      | Slain by a kobold

Illustrated notes

Levels and vault maps discovered:
D:1:      amcnicky_arrival_wind_blow, layout_loops_ring

Action                     || total
---------------------------++-------
  Melee: Unarmed           ||    29
         Tentacles         ||     6
         Constrict         ||     6
         Dagger            ||     5
         Staff             ||     4
         Maw               ||     1
   Cast: Magic Dart        ||    14
    Use: Potion            ||     1
   Stab: Sleeping          ||     3
 Armour: Skin              ||    17
  Dodge: Dodged            ||    25
   Form: Maw               ||     1

Table legend: (Time is in decaauts)
 A = Elapsed time spent in this place.
 B = Non-inter-level travel time spent in this place.
 C = Inter-level travel time spent in this place.
 D = Time resting spent in this place.
 E = Time spent auto-exploring this place.
 F = Levels seen in this place.
 G = Mean time per level.
                   A        B        C        D        E       F      G
               +--------+--------+--------+--------+--------+-----+--------+
         Total |    771 |    752 |     19 |      0 |    618 |   1 |  771.0 |
       Dungeon |    771 |    752 |     19 |      0 |    618 |   1 |  771.0 |
               +--------+--------+--------+--------+--------+-----+--------+

Top non-repeatable levels by time:
     D:1: 771 daAuts
